 Dungeon Crawl Stone Soup version 0.30-a0-723-gc1506a1cf0 (webtiles) character file.

Game seed: 10531331201784745066

324 Jackthecabe the Cutter (level 6, -1/30 HPs)
             Began as a Vine Stalker Brigand on Jan 29, 2023.
             Was a Follower of Uskayaw.
             Slain by a mummy (4 damage)
             ... in an ossuary.
             The game lasted 00:09:26 (2589 turns).

Jackthecabe the Cutter (Vine Stalker Brigand)       Turns: 2589, Time: 00:09:26

Health: -1/30      AC: 12    Str: 14    XL:     6   Next: 48%
Magic:  0/7        EV: 11    Int: 11    God:    Uskayaw [*.....]
Gold:   65         SH:  0    Dex: 17    Spells: 5/5 levels left

rFire   . . .      SeeInvis +    a - +2 dagger
rCold   . . .      Faith    .    (no shield)
rNeg    . . .      Spirit   +    t - +3 leather armour "Xulanud" {SInv}
rPois   .          Reflect  .    i - +2 hat
rElec   .          Harm     .    c - +0 cloak
rCorr   .          Rampage  .    f - +2 pair of gloves
Will    .....                    (no boots)
Stlth   +++                      (no amulet)
HPRegen 1.05/turn                v - ring of see invisible
MPRegen 0.10/turn                (no ring)

@: no status effects
A: fangs 2, regeneration 1, magic shield, antimagic bite, no potion heal 2
a: Renounce Religion, Stomp


You were in an ossuary.
You worshipped Uskayaw.
Uskayaw was noncommittal.
You visited 1 branch of the dungeon, and saw 4 of its levels.
You also visited: Ossuary.

You collected 120 gold pieces.
You spent 55 gold pieces at shops.


Innate Abilities, Weirdness & Mutations

You have extremely sharp teeth.
Your natural rate of healing is unusually fast.
When hurt, damage is shared between your health and your magic reserves.
Your bite disrupts and absorbs the magic of your enemies.
Potions cannot restore your health.


   Skills:
 - Level 1.7 Fighting
 + Level 5.5 Short Blades
 + Level 2.1 Axes
 - Level 1.7 Throwing
 - Level 0.7 Dodging
 - Level 4.8 Stealth


You had 5 spell levels left.
You didn't know any spells.
Your spell library contained the following spells:

 Spells                   Type           Power      Damage    Failure   Level
 Dazzling Flash           Conj/Hex       0%         N/A       80%         3
 Agony                    Necr           0%         N/A       100%        5
 Silence                  Hex/Air        0%         N/A       100%        5

Inventory:

Hand Weapons
 a - a +2 dagger (weapon)
 r - a +1 hand axe of distortion
Missiles
 d - 18 poisoned darts (quivered)
 e - a curare-tipped dart {=f}
Armour
 b - a +0 robe
 c - a +0 cloak (worn)
 f - a +2 pair of gloves (worn)
 i - a +2 hat (worn)
 t - the +3 leather armour "Xulanud" (worn) {SInv}
   (You found it on level 4 of the Dungeon)

   SInv:      It lets you see invisible.
Jewellery
 v - a ring of see invisible (left hand)
Wands
 s - a wand of charming (10)
Scrolls
 h - 2 scrolls of amnesia
 k - 7 scrolls of identify {@r1}
 l - a scroll of magic mapping {unknown}
 m - a scroll of noise {unknown}
 o - a scroll of fog {unknown}
 p - 3 scrolls of teleportation {@r2}
 q - a scroll of blinking {unknown}
 w - 2 scrolls of fear {unknown}
Potions
 g - 3 potions of curing {unknown}
 j - 2 potions of heal wounds {unknown}
 n - 3 potions of lignification {unknown}
 u - a potion of flight {unknown}

Dungeon Overview and Level Annotations

Branches:
Dungeon (4/15)             Temple (0/1) D:4         Ossuary (1/1)

Altars:
Qazlal
Uskayaw

Shops:
D:4

? ▒▒▒▒▒▒▒▒▒▒▒▒▒▒
......M@MZ...▒▒
.....▒▒▒▒MZM...▒▒
... ▒▒..▒▒M.....▒
...▒▒....▒▒Z....▒
...........M....▒
...............▒▒
.......ZZ.M...▒▒
▒........▒▒+▒
▒▒......▒▒


You could see 6 mummies, a hobgoblin zombie and 2 kobold zombies.


Message History

The mummy closely misses you.
You barely miss the mummy.
The mummy is moderately damaged.
The mummy hits you!
* * * LOW HITPOINT WARNING * * *
Okay, then.
Use which ability? (? or * to list)
Okay, then.
You hit the kobold zombie.
The kobold zombie is moderately damaged.
The kobold zombie hits you but does no damage.
The mummy hits you but does no damage.
You hit the kobold zombie but do no damage.
You bite the kobold zombie, but do no damage.
The kobold zombie is moderately damaged.
The mummy hits you but does no damage.
You hit the mummy but do no damage. You bite the mummy. You drain its power.
You feel invigorated.
The mummy is moderately damaged.
You hit the mummy but do no damage. Your bite misses the mummy.
The mummy is moderately damaged.
The mummy hits you!
* * * LOW HITPOINT WARNING * * *
Okay, then.
Okay, then.
Okay, then.
As you read the scroll labelled COH AHUUCUHIO, it crumbles to dust.
It is a scroll of amnesia.
You feel forgetful for a moment. The mummy hits you.
You die...

Skill      XL: |  1  2  3  4  5  6 |
---------------+-------------------+-----
Short Blades   | 2 3 4 5 |  5.5
Axes           | 1 2 |  2.1
Fighting       | |  1.7
Throwing       | |  1.7
Dodging        | |  0.7
Stealth        | |  4.8

Action                     |  1- 3 |  4- 6 || total
---------------------------+-------+-------++-------
  Melee: Dagger            |    66 |   171 ||   237
         Bite              |    14 |    48 ||    62
         Punch             |       |     3 ||     3
  Throw: Dart              |     4 |     2 ||     6
 Invoke: Line Pass         |       |     1 ||     1
    Use: Scroll            |       |     1 ||     1
   Stab: Sleeping          |    10 |    16 ||    26
         Paralysed         |       |     4 ||     4
         Confused          |       |     1 ||     1
 Armour: Robe              |    11 |    10 ||    21
         Leather armour    |       |    53 ||    53
  Dodge: Dodged            |    28 |    89 ||   117

Levels and vault maps discovered:
D:1:      shiori_arrival_maze, layout_loops_ring
D:2:      layout_basic, basic_altar, minmay_misc_feat_pillars,
          minmay_door_square, minmay_pentomino_x2
D:3:      layout_loops_cross
D:4:      layout_cave_pools, nicolae_qazlal_scattered_showers,
          minmay_temple_entry_glass, nicolae_ossuary_entry_false_entrances,
          serial_shops, shop_fountains, minivault_27, uniq_blork_the_orc
Ossuary:  ossuary_tomb_3

Notes
Turn   | Place    | Note
-------+----------+-------------------------------------------
     0 | D:1      | Jackthecabe the Vine Stalker Brigand began the quest for
                  | the Orb.
     0 | D:1      | Reached XP level 1. HP: 11/11 MP: 2/2
    54 | D:1      | Reached skill level 2 in Short Blades
   121 | D:1      | Reached XP level 2. HP: 15/15 MP: 3/3
   305 | D:1      | Reached skill level 3 in Short Blades
   435 | D:1      | Reached XP level 3. HP: 18/18 MP: 4/4
   826 | D:2      | Found a hide-covered altar of Uskayaw.
   850 | D:2      | Became a worshipper of Uskayaw the Reveller
   864 | D:2      | Reached * piety under Uskayaw
  1139 | D:2      | Reached ** piety under Uskayaw
  1144 | D:2      | Gained mutation: Your natural rate of healing is unusually
                  | fast. [Vine Stalker growth]
  1144 | D:2      | Reached XP level 4. HP: 10/23 MP: 3/5
  1319 | D:2      | Reached skill level 4 in Short Blades
  1689 | D:3      | Reached XP level 5. HP: 26/26 MP: 6/6
  1700 | D:3      | Reached *** piety under Uskayaw
  2183 | D:4      | Reached skill level 5 in Short Blades
  2205 | D:4      | Identified the +3 leather armour "Xulanud" {SInv}
  2234 | D:4      | Found Suek's Magic Scroll Shoppe.
  2242 | D:4      | Bought a scroll of identify for 22 gold pieces
  2242 | D:4      | Bought a scroll of teleportation for 33 gold pieces
  2266 | D:4      | Reached skill level 1 in Axes
  2286 | D:4      | Reached XP level 6. HP: 30/30 MP: 5/7
  2382 | D:4      | Found a stormy altar of Qazlal.
  2403 | D:4      | Found a staircase to the Ecumenical Temple.
  2490 | D:4      | Reached **** piety under Uskayaw
  2501 | D:4      | Reached skill level 2 in Axes
  2521 | D:4      | Found a sand-covered staircase.
  2525 | Ossuary  | Entered an ossuary
  2588 | Ossuary  | HP: 2/30 [mummy (6)]
  2589 | Ossuary  | Slain by a mummy

Vanquished Creatures
  A hound (D:4)
  2 orc wizards (D:3)
  2 mummies (Ossuary)
  5 gnolls (D:4)
  9 adders
  An ufetubus (D:3)
  2 worms (D:4)
  5 dart slugs
  4 orcs
  6 endoplasms
  2 giant cockroaches
  A gnoll zombie (Ossuary)
  7 goblins
  4 hobgoblins
  3 kobolds
  4 quokkas
  6 ball pythons
  5 bats
  A frilled lizard (D:3)
  A hobgoblin zombie (Ossuary)
  2 kobold zombies (Ossuary)
  3 rats
76 creatures vanquished.

Table legend: (Time is in decaauts)
 A = Elapsed time spent in this place.
 B = Non-inter-level travel time spent in this place.
 C = Inter-level travel time spent in this place.
 D = Time resting spent in this place.
 E = Time spent auto-exploring this place.
 F = Levels seen in this place.
 G = Mean time per level.
                   A        B        C        D        E       F      G
               +--------+--------+--------+--------+--------+-----+--------+
         Total |   2534 |   2358 |    176 |      0 |   1488 |   5 |  506.8 |
       Dungeon |   2483 |   2307 |    176 |      0 |   1487 |   4 |  620.8 |
       Ossuary |     51 |     51 |      0 |      0 |      1 |   1 |   51.0 |
               +--------+--------+--------+--------+--------+-----+--------+

Top non-repeatable levels by time:
     D:3: 747 daAuts
     D:1: 721 daAuts
     D:2: 714 daAuts
     D:4: 299 daAuts
 Ossuary: 51 daAuts

Table legend:
 A = Non-vault XP
 B = Vault XP
 C = Vault XP percentage of total XP
 D = Non-vault monster count
 E = Vault monster count
 F = Vault count percentage of total count
                 A         B        C        D         E       F
            +---------+---------+-------+---------+---------+-------
      Total |     412 |      51 |  11.0 |      66 |      10 |  13.2
            +---------+---------+-------+---------+---------+-------
        D:1 |      32 |       6 |  15.8 |      19 |       2 |   9.5
        D:2 |      57 |       4 |   6.6 |      12 |       2 |  14.3
        D:3 |     125 |       0 |   0.0 |      19 |       0 |   0.0
        D:4 |     198 |       0 |   0.0 |      16 |       0 |   0.0
    Ossuary |       0 |      41 | 100.0 |       0 |       6 | 100.0
            +---------+---------+-------+---------+---------+-------
